 Dungeon Crawl Stone Soup version 0.26-a0-412-ga3d1f51b80 (webtiles) character file.

Game seed: 17500285303783293185

647 KristoblXynda the Ruffian (level 7, 0/59 HPs)
             Began as a Troll Hedge Wizard on July 24, 2020.
             Slain by an orc wizard
             ... wielding a +0 dagger
              (4 damage)
             ... on level 5 of the Dungeon.
             The game lasted 00:05:09 (4091 turns).

KristoblXynda the Ruffian (Troll Hedge Wizard)      Turns: 4091, Time: 00:05:10

Health: 0/59       AC:  7    Str: 19      XL:     7   Next: 27%
Magic:  18/18      EV:  9    Int: 12      God:
Gold:   235        SH:  0    Dex:  8 (9)  Spells: 6/10 levels left

rFire    . . .     SeeInvis .     - Unarmed
rCold    . . .     Faith    .   (no shield)
rNeg     . . .     Spirit   .   b - +0 robe
rPois    .         Reflect  .   c - +1 hat
rElec    .         Harm     .   (no cloak)
rCorr    .                      (gloves unavailable)
MR       .....                  (boots unavailable)
Stlth    +.........             (no amulet)
HPRegen  0.59/turn              a - ring of magical power
MPRegen  0.16/turn              (no ring)

@: flying
A: large, unfitting armour, claws 3, regeneration 1, shaggy fur 1, tough skin 3
a: no special abilities


You were on level 5 of the Dungeon.
You visited 1 branch of the dungeon, and saw 5 of its levels.

You collected 235 gold pieces.

Inventory:

Armour
 b - a +0 robe (worn)
 c - a +1 hat (worn)
Jewellery
 a - a ring of magical power (left claw)
 l - an uncursed amulet of guardian spirit {unknown}
 o - an uncursed amulet of magic regeneration {unknown}
 p - an uncursed amulet of the acrobat {unknown}
 r - an uncursed ring of flight
Wands
 m - a wand of disintegration (9)
 s - a wand of iceblast (10)
Scrolls
 d - a scroll of enchant armour
 e - 2 scrolls of blinking {unknown}
 g - a scroll of identify
 i - 2 scrolls of teleportation
 j - a scroll of remove curse
 k - a scroll of fog {unknown}
 n - 2 scrolls of random uselessness
 q - a scroll of amnesia {unknown}
Potions
 f - 2 potions of haste
 h - 2 potions of curing
 t - a potion of flight


   Skills:
 - Level 1.5 Dodging
 - Level 1.0 Stealth
 + Level 5.4 Unarmed Combat
 - Level 2.0 Spellcasting
 + Level 4.2 Conjurations
   Level 0.6 Summonings
   Level 0.6 Translocations


You had 6 spell levels left.
You knew the following spells:

 Your Spells              Type           Power        Failure   Level
a - Magic Dart            Conj           ##..         4%          1
b - Mephitic Cloud        Conj/Pois/Air  #.......     43%         3

Your spell library contained the following spells:

 Spells                   Type           Power        Failure   Level
 Blink                    Tloc           N/A          32%         2
 Call Imp                 Summ           #.......     32%         2
 Conjure Flame            Conj/Fire      #.......     34%         3
 Slow                     Hex            #.......     38%         2


Dungeon Overview and Level Annotations

Branches:
Dungeon (5/15)
 Temple: D:4-7

Altars:
Elyvilon
Kikubaaqudgha
Nemelex Xobeh
Uskayaw

Annotations:
D:5 Grinder


Innate Abilities, Weirdness & Mutations

You are too large for most types of armour.
You have claws for hands.
Your natural rate of healing is unusually fast.
You are covered in fur. (AC +1)
You have extremely tough skin. (AC +3)


Message History

A puff of flame appears from out of thin air!
The puff of flame hits you.
* * * LOW HITPOINT WARNING * * *
There is an open door, spattered with blood here.
You closely miss something.
There is an open door, spattered with blood here.
Unknown command.
There is an open door, spattered with blood here.
You miss something.
You hear some strange, mumbled words.
A magic dart appears from out of thin air!
The magic dart hits you!
* * * LOW HITPOINT WARNING * * *
There is an open door, spattered with blood here.
Unknown command.
There is an open door, spattered with blood here.
You closely miss something. Something hits you but does no damage.
There is an open door, spattered with blood here.
You scratch something. Something hits you.
You die...

#.#...# #<#...#
#########...#
#...........#
#...5.......#
#.......###+#
#[......#
#.......###.###
#.......@{oo..+
#.......###.###
#.......#
#..(....###+#
#######.#.
#...........#
#<........
#############
#######.#.


You could see Grinder (strong) and 2 orcs.

Vanquished Creatures
  A sky beast (D:3)
  An ogre (D:5)
  A centaur (D:5)
  A scorpion (D:5)
  A quasit (D:5)
  A bullfrog skeleton (D:5)
  An orc wizard (D:5)
  An iguana (D:4)
  A worker ant (D:4)
  A hound zombie (D:5)
  8 adders
  3 gnolls (D:2)
  An ooze (D:4)
  4 worms
  2 dart slugs (D:1)
  2 leopard geckos
  4 orcs (D:5)
  5 giant cockroaches
  5 goblins
  7 hobgoblins
  4 jackals (D:2)
  2 quokkas (D:2)
  2 ball pythons
  4 bats
  6 frilled lizards
  12 kobolds
  4 rats
85 creatures vanquished.

Notes
Turn   | Place    | Note
-------+----------+-------------------------------------------
     0 | D:1      | KristoblXynda the Troll Hedge Wizard began the quest for
                  | the Orb.
     0 | D:1      | Reached XP level 1. HP: 16/16 MP: 2/2
    60 | D:1      | Reached skill level 1 in Conjurations
    84 | D:1      | Reached skill level 1 in Unarmed Combat
   269 | D:1      | You fall into a shaft and drop 1 floor!
   288 | D:2      | Reached XP level 2. HP: 5/24 MP: 4/4
   712 | D:1      | Reached XP level 3. HP: 27/31 MP: 5/5
  1021 | D:2      | Reached skill level 2 in Unarmed Combat
  1146 | D:2      | Reached XP level 4. HP: 14/39 MP: 6/6
  1505 | D:2      | Found a white marble altar of Elyvilon.
  1721 | D:2      | You fall into a shaft and drop 1 floor!
  1728 | D:3      | Learned a level 3 spell: Mephitic Cloud
  2305 | D:3      | Found a faded altar of an unknown god.
  2362 | D:3      | Found an ancient bone altar of Kikubaaqudgha.
  2500 | D:3      | Noticed a sky beast
  2506 | D:3      | Reached skill level 3 in Unarmed Combat
  2521 | D:3      | Killed a sky beast
  2521 | D:3      | Reached XP level 5. HP: 33/45 MP: 7/7
  3051 | D:4      | Reached skill level 4 in Unarmed Combat
  3091 | D:4      | Reached XP level 6. HP: 53/53 MP: 8/8
  3611 | D:5      | Entered Level 5 of the Dungeon
  3819 | D:5      | Found a sparkling altar of Nemelex Xobeh.
  3858 | D:5      | Reached skill level 5 in Unarmed Combat
  3865 | D:5      | Reached XP level 7. HP: 58/59 MP: 9/9
  4061 | D:5      | Found a hide-covered altar of Uskayaw.
  4061 | D:5      | Noticed Grinder
  4077 | D:5      | Paralysed by Grinder for 7 turns
  4085 | D:5      | HP: 2/59 [something (1)]
  4091 | D:5      | Slain by an orc wizard

Illustrated notes

Levels and vault maps discovered:
D:1:      roderic_octagonal_star, layout_loops_ring, hangedman_decor_opposing
D:2:      layout_loops_corners, elyvilon_altar_3
D:3:      layout_basic, lemuel_doored_altar,
          chequers_ecumenical_altar_simple_redux, minmay_misc_feat_cross
D:4:      layout_loops_ring, saegor_snake_ambush
D:5:      layout_basic, nemelex_xobeh_ov_fountains_minmay,
          kennysheep_little_box, uniq_grinder

Skill      XL: |  1  2  3  4  5  6  7 |
---------------+----------------------+-----
Conjurations   | 1 2 3 4 |  4.2
Unarmed Combat | 1 2 3 4 5 |  5.4
Dodging        | |  1.5
Stealth        | |  1.0
Spellcasting   | |  2.0
Summonings     | |  0.6
Translocations | |  0.6

Action                   |  1- 3 |  4- 6 |  7- 9 || total
-------------------------+-------+-------+-------++-------
Melee: Unarmed           |   124 |   157 |    45 ||   326
       Punch             |     1 |       |     1 ||     2
  Use: Scroll            |       |     7 |       ||     7
       Potion            |       |       |     5 ||     5
 Stab: Sleeping          |     2 |     4 |       ||     6
Armor: Robe              |    72 |    72 |    16 ||   160
Dodge: Dodged            |    88 |    79 |    23 ||   190

Table legend: (Time is in decaauts)
 A = Elapsed time spent in this place.
 B = Non-inter-level travel time spent in this place.
 C = Inter-level travel time spent in this place.
 D = Time resting spent in this place.
 E = Time spent auto-exploring this place.
 F = Levels seen in this place.
 G = Mean time per level.
                   A        B        C        D        E       F      G
               +--------+--------+--------+--------+--------+-----+--------+
         Total |   4097 |   3962 |    135 |    701 |   2357 |   5 |  819.4 |
       Dungeon |   4097 |   3962 |    135 |    701 |   2357 |   5 |  819.4 |
               +--------+--------+--------+--------+--------+-----+--------+

Top non-repeatable levels by time:
     D:2: 1135 daAuts
     D:1: 875 daAuts
     D:4: 838 daAuts
     D:3: 776 daAuts
     D:5: 471 daAuts
